 Dungeon Crawl Stone Soup version 0.30-a0-451-ge042605de7 (webtiles) character file.

Game seed: 11075175061328840756

53 Armakuni the Cutter (level 3, -2/28 HPs)
             Began as a Vampire Monk on Dec 11, 2022.
             Killed from afar by Sigmund (10 damage)
             ... with a puff of flame
             ... on level 2 of the Dungeon.
             The game lasted 00:06:26 (1798 turns).

Armakuni the Cutter (Vampire Monk)                  Turns: 1798, Time: 00:06:27

Health: -2/28      AC:  6    Str: 10    XL:     3   Next: 64%
Magic:  0/3        EV: 12    Int: 12    God:
Gold:   69         SH:  0    Dex: 16    Spells: 2/2 levels left

rFire   . . .      SeeInvis +    b - +1 dagger (protect)
rCold   . . .      Faith    .    (no shield)
rNeg    . . .      Spirit   +    g - +2 leather armour "Juiballoir" {rElec rPois Dex-2}
rPois   +          Reflect  .    i - +0 helmet
rElec   +          Harm     .    (no cloak)
rCorr   .          Rampage  .    (no gloves)
Will    .....                    (no boots)
Stlth   ++........               G - amulet of guardian spirit
HPRegen 0.44/turn                W - ring of wizardry
MPRegen 0.08/turn                (no ring)

@: brilliant, about to teleport, flying, healing quickly, studying Dodging
A: alive, fangs 3, see invisible, vampiric 2
a: Exsanguinate


You were on level 2 of the Dungeon.
You visited 1 branch of the dungeon, and saw 2 of its levels.

You collected 69 gold pieces.

Inventory:

Hand Weapons
 a - a +0 falchion
 b - a +1 dagger of protection (weapon)
 d - a +0 sling
Armour
 g - the +2 leather armour "Juiballoir" (worn) {rElec rPois Dex-2}
   (You found it on level 2 of the Dungeon)

   Dex:       It affects your dexterity (-2).
   rElec:     It insulates you from electricity.
   rPois:     It protects you from poison.
 i - a +0 helmet (worn)
Jewellery
 G - an amulet of guardian spirit (around neck)
 W - a ring of wizardry (left hand)
Scrolls
 c - a scroll of teleportation
Potions
 k - 2 potions of curing


   Skills:
 - Level 2.6 Fighting
 + Level 3.7(4.3) Short Blades
 - Level 3.0(3.7) Long Blades
 - Level 3.2 Dodging
 - Level 3.0 Stealth


You had 2 spell levels left.
You didn't know any spells.
Your spell library contained the following spells:

 Spells                   Type           Power      Damage    Failure   Level
 Freeze                   Ice            0%         1d3       17%         1
 Cigotuvi's Dreadful Rot  Necr/Pois/Air  0%         N/A       26%         2
 Frozen Ramparts          Ice            0%         1d1       45%         3
 Hailstorm                Conj/Ice       0%         3d3       45%         3
 Animate Armour           Summ/Erth      0%         N/A       85%         4
 Dispel Undead            Necr           0%         3d6       85%         4
 Blade Hands              Tmut           0%         N/A       99%         5
 Death Channel            Necr           0%         N/A       100%        6
 Iron Shot                Conj/Erth      0%         9d1       100%        6


Dungeon Overview and Level Annotations

Branches:
Dungeon (2/15)

Altars:

Shops:
D:1 [

Annotations:
D:2 1 runed translucent door, Crazy Yiuf, Sigmund


Innate Abilities, Weirdness & Mutations

Your natural rate of healing is accelerated.
You have razor-sharp teeth.
You have supernaturally acute eyesight. (SInv)
You are afflicted with vampirism and can become a bat while bloodless.


Message History

You aren't carrying any items that you can evoke.
Magic restored.
There is an escape hatch in the ceiling here.
You see here a +0 robe.
You can't go down here!
Unknown command.
(D) Dungeon
Where to? (Enter - D:2 @ (x,y), ? - help) Sigmund is nearby!
Okay, then.
Okay, then.
Unknown command.
As you read the scroll labelled NAGOAKL REFAK, it crumbles to dust.
You assume a fearsome visage.
Nothing appears to happen.
It was a scroll of fear.
As you read the scroll labelled ATINUOXTEGG, it crumbles to dust.
You hear a loud clanging noise!
It was a scroll of noise.
Sigmund is nearby!
Okay, then.
Your +1 dagger of protection hums with potential!
b - a +1 dagger of protection (weapon)
Okay, then.
Unknown command.
Okay, then.
Unknown command.
Sigmund casts a spell at you. The magic dart hits you!
It was a potion of brilliance.
You feel clever all of a sudden.
Okay, then.
Sigmund zaps a wand.
The puff of flame hits you!
It was a potion of flight.
You feel very buoyant.
You fly up into the air.
As you read the scroll of teleportation, it crumbles to dust.
You feel strangely unstable.
Sigmund zaps a wand.
The puff of flame hits you.
* * * LOW HITPOINT WARNING * * *
Sigmund zaps a wand.
The puff of flame hits you!
You die...

# #.........####.#.#
#............#.#.#
########[........#
#...#.....# #...###.#.#
#...# #.#.# # *#.#.#
#.#.# #*** *#..#.# #.#.#
...#***#...#.###@#.#####
...........#...........#
.#......########.#######
.#,...>.,,,,..##.#
.#,....*****#.##@#
,#,...@* #.##.# ,*,,,,,*
####.##.# ,*******
#.@..##.#
##########.##.##.#


You could see Sigmund.

Vanquished Creatures
  An adder (D:2)
  A worm (D:2)
  2 dart slugs
  3 ball pythons
  2 endoplasms
  A giant cockroach (D:2)
  A goblin (D:1)
  5 hobgoblins
  2 jackals (D:1)
  A quokka (D:1)
  5 bats
  3 frilled lizards
  6 kobolds
  4 rats
37 creatures vanquished.

Notes
Turn   | Place    | Note
-------+----------+-------------------------------------------
     0 | D:1      | Armakuni the Vampire Monk began the quest for the Orb.
     0 | D:1      | Reached XP level 1. HP: 17/17 MP: 1/1
   118 | D:1      | Reached skill level 1 in Short Blades
   198 | D:1      | Reached XP level 2. HP: 23/23 MP: 2/2
   448 | D:1      | Found Olorchafa's Antique Armour Shoppe.
   985 | D:2      | Gained mutation: You are afflicted with vampirism and can
                  | become a bat while bloodless. [Vampire growth]
   985 | D:2      | Reached XP level 3. HP: 28/28 MP: 3/3
  1057 | D:2      | Noticed Sigmund
  1091 | D:2      | Identified a scroll of acquirement
  1092 | D:2      | Acquired a manual of Dodging
  1210 | D:2      | Found a runed translucent door.
  1211 | D:2      | Noticed Crazy Yiuf
  1242 | D:2      | Identified the +2 leather armour "Juiballoir" {rElec rPois
                  | Dex-2}
  1798 | D:2      | Killed from afar by Sigmund

Illustrated notes

Levels and vault maps discovered:
D:1:      ebering_trefoil_twist, layout_basic, serial_shops, shop_fountains
D:2:      minmay_door_path, layout_basic, nicolae_elevator_lobby_plus,
          uniq_sigmund, uniq_crazy_yiuf_cottage

Skill      XL: |  1  2 |
---------------+-------+-----
Short Blades   | 1 3 |  3.7
Fighting       | |  2.6
Long Blades    | |  3.0
Dodging        | |  3.2
Stealth        | |  3.0

Action                   || total
-------------------------++-------
Melee: Falchion          ||   100
       Bite              ||     8
       Dagger            ||     3
       Punch             ||     1
  Use: Potion            ||     3
       Scroll            ||     9
 Stab: Sleeping          ||     8
Armor: Robe              ||    14
       Leather armour    ||     9
Dodge: Dodged            ||    63

Table legend: (Time is in decaauts)
 A = Elapsed time spent in this place.
 B = Non-inter-level travel time spent in this place.
 C = Inter-level travel time spent in this place.
 D = Time resting spent in this place.
 E = Time spent auto-exploring this place.
 F = Levels seen in this place.
 G = Mean time per level.
                   A        B        C        D        E       F      G
               +--------+--------+--------+--------+--------+-----+--------+
         Total |   1805 |   1715 |     90 |     89 |    978 |   2 |  902.5 |
       Dungeon |   1805 |   1715 |     90 |     89 |    978 |   2 |  902.5 |
               +--------+--------+--------+--------+--------+-----+--------+

Top non-repeatable levels by time:
     D:2: 965 daAuts
     D:1: 839 daAuts
